 Dungeon Crawl Stone Soup version 0.28.0 (webtiles) character file.

Game seed: 14806071324991565727

30 SnakkuSnakku7 the Vexing (level 3, -2/24 HPs)
             Began as a Human Enchanter on Feb 9, 2022.
             Slain by a gnoll (12 damage)
             ... on level 1 of the Dungeon.
             The game lasted 00:01:34 (1426 turns).

SnakkuSnakku7 the Vexing (Human Enchanter)          Turns: 1426, Time: 00:01:34

Health: -2/24      AC:  2    Str:  8    XL:     3   Next: 37%
Magic:  1/6        EV: 12    Int: 17    God:
Gold:   27         SH:  0    Dex: 13    Spells: 4/6 levels left

rFire   . . .      SeeInvis .   a - +1 dagger
rCold   . . .      Faith    .   (no shield)
rNeg    . . .      Spirit   .   b - +0 robe
rPois   .          Reflect  .   (no helmet)
rElec   .          Harm     .   (no cloak)
rCorr   .          Rampage  .   (no gloves)
Will    .....                   (no boots)
Stlth   ++........              (no amulet)
HPRegen 0.08/turn               (no ring)
MPRegen 0.10/turn               (no ring)

@: no status effects
A: no striking features
a: no special abilities


You were on level 1 of the Dungeon.
You visited 1 branch of the dungeon, and saw 2 of its levels.

You collected 27 gold pieces.

Inventory:

Hand Weapons
 a - a +1 dagger (weapon)
Armour
 b - a +0 robe (worn)
Scrolls
 f - a scroll of identify {unknown}
Potions
 c - a potion of invisibility
 d - a potion of curing {unknown}
 e - a potion of flight {unknown}
 g - a potion of might {unknown}


   Skills:
 - Level 1.0 Short Blades
 - Level 2.0 Dodging
 - Level 3.0 Stealth
 - Level 2.0 Spellcasting
 + Level 4.2 Hexes


You had 4 spell levels left.
You knew the following spells:

 Your Spells              Type           Power      Damage    Failure   Level
a - Ensorcelled Hibernat  Hex/Ice        16%        N/A       12%         2

Your spell library contained the following spells:

 Spells                   Type           Power      Damage    Failure   Level
 Confusing Touch          Hex            16%        N/A       10%         3
 Tukima's Dance           Hex            16%        N/A       10%         3
 Dazzling Flash           Conj/Hex       16%        N/A       24%         3


Dungeon Overview and Level Annotations

Branches:
Dungeon (2/15)

Altars:


Message History

There is a stone staircase leading down here.
You climb downwards.
Found a leather armour.
There is a stone staircase leading up here.
You now have 27 gold pieces (gained 14).
A gnoll comes into view. It is wielding a +0 whip.
The gnoll shouts!
A gnoll is nearby!
A gnoll is nearby!
A gnoll comes into view. It is wielding a +0 flail.
The gnoll moves out of view.
There is a stone staircase leading up here.
Aiming: Ensorcelled Hibernation (safe; 13% risk of failure)
Press: ? - help, Q - select action Shift-Dir - straight line, f - gnoll
Aim: a gnoll, wielding a +0 whip (chance to affect: 50%)
The gnoll looks drowsy...
The gnoll shouts!
Unknown command.
The helpless gnoll fails to defend itself.
You puncture the gnoll!
You kill the gnoll!
A gnoll comes into view. It is wielding a +0 whip.
The gnoll barely misses you.
You climb upwards.
There is a stone staircase leading down here.
Aiming: Ensorcelled Hibernation (safe; 12% risk of failure)
Press: ? - help, Q - select action Shift-Dir - straight line, f - gnoll
Aim: a gnoll, wielding a +0 flail (chance to affect: 50%)
The gnoll resists with some effort.
The gnoll hits you with a +0 flail!
Unknown command.
Aiming: Ensorcelled Hibernation (safe; 12% risk of failure)
Press: ? - help, Q - select action Shift-Dir - straight line, f/p - gnoll
Aim: a gnoll, wielding a +0 flail (chance to affect: 50%)
The gnoll resists with some effort.
The gnoll hits you with a +0 flail.
Unknown command.
The gnoll hits you with a +0 flail!
Ouch! That really hurt!
You die...

###.##......#.....# ########
....##......#..#..# #......#
######......##.#..# #.####.#
####.#####.#..# #.# #.#
#....# #....# #.# #.#
#####.#########...# ######.#
#.# ................>.#
#......# #.#
.####.###....####g# #.######
#)# .# #...+....'..@.# #.#
#.# .# ##.##....###### #.#
#.# .# #.##....# #.# #.# .#
#.####### #.# #.# .#
#.##############.# #.# .#
#..........†.....# #.# .#
##########################.#
.# #...........# .#
#.###########


You could see a gnoll.

Vanquished Creatures
  A gnoll (D:2)
  A dart slug (D:1)
  A ball python (D:1)
  2 endoplasms (D:1)
  A giant cockroach (D:1)
  3 goblins (D:1)
  A hobgoblin (D:1)
  2 quokkas (D:1)
  A bat (D:1)
  A frilled lizard (D:1)
  4 rats (D:1)
18 creatures vanquished.

Notes
Turn   | Place    | Note
-------+----------+-------------------------------------------
     0 | D:1      | SnakkuSnakku7 the Human Enchanter began the quest for the
                  | Orb.
     0 | D:1      | Reached XP level 1. HP: 13/13 MP: 3/3
   335 | D:1      | Reached XP level 2. HP: 19/19 MP: 5/5
   338 | D:1      | Learned a level 2 spell: Ensorcelled Hibernation
  1264 | D:1      | Reached skill level 4 in Hexes
  1264 | D:1      | Reached XP level 3. HP: 21/24 MP: 6/6
  1308 | D:1      | Found a faded altar of an unknown god.
  1426 | D:1      | Slain by a gnoll

Illustrated notes

Levels and vault maps discovered:
D:1:      lightli_arrival_lavapool, layout_basic,
          shapermc_ecumenical_altar_hornbeckon
D:2:      layout_rooms

Skill      XL: |  1  2 |
---------------+-------+-----
Hexes          | 4 |  4.2
Short Blades   | |  1.0
Dodging        | |  2.0
Stealth        | |  3.0
Spellcasting   | |  2.0

Action                   || total
-------------------------++-------
Melee: Dagger            ||    56
       Punch             ||     1
 Cast: Ensorcelled Hiber ||     9
 Stab: Sleeping          ||     9
Armor: Robe              ||     9
Dodge: Dodged            ||    30
